 Dungeon Crawl Stone Soup version 0.31-a0-667-g39726597b9 (webtiles) character file.

Game seed: 6846410236419083680

122 Ordine the Magician (level 4, -1/22 (24) HPs)
             Began as a Deep Elf Hedge Wizard on Sept 3, 2023.
             Slain by a gnoll
             ... wielding a +0 club
              (3 damage)
             ... on level 3 of the Dungeon.
             The game lasted 00:11:55 (2924 turns).

Ordine the Magician (Deep Elf Hedge Wizard)         Turns: 2924, Time: 00:11:56

HP:   -1/22 (24)    AC:  4    Str:  7    XL:     4   Next: 78%
MP:   6/13          EV: 13    Int: 21    God:
Gold: 76            SH:  0    Dex: 14    Spells: 3/13 levels left

rFire   . . .        a - +0 dagger
rCold   . . .        (no shield)
rNeg    . . .        o - +1 robe
rPois   .            c - +0 hat
rElec   .            (no cloak)
rCorr   .            g - +0 pair of gloves
SInv    .            (no boots)
Will    .....        (no amulet)
Stlth   ++           (no ring)
HPRegen 0.23/turn    (no ring)
MPRegen 0.13/turn

%: no passive effects
@: drained
A: no striking features
a: no special abilities


You were on level 3 of the Dungeon.
You visited 1 branch of the dungeon, and saw 3 of its levels.

You collected 76 gold pieces.

Inventory:

Hand Weapons
 a - a +0 dagger (weapon)
 l - the +0 mace of the Whelk {freeze, Str+8 Int+3}
   (You found it on level 2 of the Dungeon)

   Str+8:     It affects your strength (+8).
   Int+3:     It affects your intelligence (+3).
Armour
 c - a +0 hat (worn)
 g - a +0 pair of gloves (worn)
 i - a +0 buckler
 o - a +1 robe (worn)
Scrolls
 b - a scroll of revelation {unknown}
 e - 2 scrolls of teleportation {unknown}
 f - 2 scrolls of immolation {unknown}
 h - a scroll of poison {unknown}
 k - a scroll of identify {unknown}
 m - a scroll of brand weapon {unknown}
 n - a scroll of summoning {unknown}
 p - a scroll of vulnerability {unknown}
 q - a scroll of fear {unknown}
Potions
 d - a potion of magic
 j - a potion of curing {unknown}
 r - a potion of resistance {unknown}


   Skills:
 - Level 3.0 Dodging
 - Level 3.0 Stealth
 + Level 5.0 Spellcasting
 + Level 2.2 Conjurations
 - Level 2.0 Summonings
 + Level 1.0 Necromancy
 + Level 2.3 Translocations
 + Level 0.7 Air Magic
 + Level 1.0 Poison Magic


You had 3 spell levels left.
You knew the following spells:

 Your Spells              Type           Power      Damage    Failure   Level
a - Magic Dart            Conj           56%        1d5       4%          1
b - Call Imp              Summ           26%        N/A       7%          2
c - Cigotuvi's Dreadful   Necr/Pois/Air  18%        N/A       11%         2
d - Mephitic Cloud        Conj/Pois/Air  10%        N/A       19%         3
z - Blink                 Tloc           28%        N/A       6%          2

Your spell library contained the following spells:

 Spells                   Type           Power      Damage    Failure   Level
 Slow                     Hex            20%        N/A       11%         1
 Vampiric Draining        Necr           9%         2d6       21%         3
 Confusing Touch          Hex            5%         N/A       32%         3


Dungeon Overview and Level Annotations

Branches:
Dungeon (3/15)

Altars:

Annotations:
D:2 Sigmund


Message History

Confirm with . or Enter, or press ? or * to list all spells.
A tiny devil pulls itself out of the air.
The gnoll closely misses your cerulean imp.
Your cerulean imp hits the gnoll with a -3 spear.
The gnoll closely misses your cerulean imp.
Your cerulean imp hits the gnoll but does no damage.
The gnoll barely misses your cerulean imp.
Your cerulean imp hits the gnoll but does no damage.
The gnoll hits your cerulean imp with a +0 flail!
Your cerulean imp hits the gnoll with a -3 spear.
The gnoll closely misses your cerulean imp.
Your cerulean imp hits the gnoll with a -3 spear.
The gnoll completely misses your cerulean imp.
Your cerulean imp hits the gnoll with a -3 spear.
The gnoll hits your cerulean imp with a +0 flail!
Your cerulean imp dies!
Your cerulean imp disappears in a puff of smoke!
Casting: Call Imp (safe; 7% risk of failure)
Confirm with . or Enter, or press ? or * to list all spells.
A tiny devil pulls itself out of the air.
Your cerulean imp hits the gnoll but does no damage.
Your cerulean imp hits the gnoll but does no damage.
The gnoll hits your cerulean imp with a +0 flail!
Your cerulean imp hits the gnoll with a -3 spear.
The gnoll hits you with a +0 club.
The gnoll closely misses your cerulean imp.
Your cerulean imp completely misses the gnoll.
You hit the gnoll.
The gnoll is severely wounded.
The gnoll hits you with a +0 club. The gnoll closely misses you.
Your cerulean imp hits the gnoll but does no damage.
You hit the gnoll but do no damage.
The gnoll is severely wounded.
The gnoll hits you with a +0 club!
* * * LOW HITPOINT WARNING * * *
The gnoll hits you with a +0 flail.
* * * LOW HITPOINT WARNING * * *
Your cerulean imp hits the gnoll with a -3 spear.
The gnoll attacks as it pursues you! The gnoll hits you with a +0 club.
You die...

#+# #.# #####.#
###...5.###########
###
##..†.@gg....).....#
.<#
#....#############.#
### ######..### .#
#.......# g#
#.....#.# g.
#.....#.# ##
#.....#.# #
###.....#># #
#.......+.#


You could see 2 gnolls and a friendly cerulean imp (summoned).

Vanquished Creatures
  Jessica (D:2)
  A gnoll (D:1)
  3 adders
  A worm (D:2)
  4 dart slugs
  6 endoplasms
  3 giant cockroaches (D:1)
  2 goblins
  A hobgoblin (D:2)
  A quokka (D:2)
  2 ball pythons
  3 bats
  3 frilled lizards
  3 kobolds
  5 rats
39 creatures vanquished.

Vanquished Creatures (collateral kills)
  A gnoll (D:3)
  A worm (D:2)
2 creatures vanquished.

Grand Total: 41 creatures vanquished

Notes
Turn   | Place    | Note
-------+----------+-------------------------------------------
     0 | D:1      | Ordine the Deep Elf Hedge Wizard began the quest for the
                  | Orb.
     0 | D:1      | Reached XP level 1. HP: 10/10 MP: 7/7
   387 | D:1      | Reached XP level 2. HP: 9/15 MP: 2/9
   448 | D:1      | Learned a level 2 spell: Blink
   969 | D:1      | Learned a level 2 spell: Cigotuvi's Dreadful Rot
  1087 | D:1      | Reached XP level 3. HP: 6/19 MP: 0/11
  1178 | D:1      | Learned a level 3 spell: Mephitic Cloud
  1700 | D:2      | Identified the +0 mace of the Whelk {freeze, Str+8 Int+3}
  1800 | D:2      | Learned a level 2 spell: Call Imp
  1976 | D:2      | Noticed Sigmund
  2044 | D:2      | Reached XP level 4. HP: 22/24 MP: 0/12
  2181 | D:2      | Noticed Jessica
  2196 | D:2      | Killed Jessica
  2725 | D:3      | Reached skill level 5 in Spellcasting
  2725 | D:3      | Reached skill level 1 in Necromancy
  2725 | D:3      | Reached skill level 1 in Poison Magic
  2923 | D:3      | HP: 1/22 [gnoll/+0 flail (4)]
  2924 | D:3      | Slain by a gnoll

Illustrated notes

Levels and vault maps discovered:
D:1:      spicycebolla_arrival_ecumenical, layout_basic,
          chequers_decorated_corner
D:2:      layout_rooms, uniq_sigmund, uniq_jessica
D:3:      layout_basic

Skill      XL: |  1  2  3  4 |
---------------+-------------+-----
Stealth        | 3 |  3.0
Dodging        | 3 |  3.0
Translocations | 2 |  2.3
Summonings     | 2 |  2.0
Conjurations   | 2 |  2.2
Spellcasting   | 5 |  5.0
Necromancy     | 1 |  1.0
Poison Magic   | 1 |  1.0
Air Magic      | |  0.7

Action                     |  1- 3 |  4- 6 || total
---------------------------+-------+-------++-------
  Melee: Dagger            |    13 |    11 ||    24
   Cast: Magic Dart        |   110 |    20 ||   130
         Cigotuvi's Dreadf |     1 |     1 ||     2
         Call Imp          |     1 |     6 ||     7
    Use: Potion            |     1 |       ||     1
 Armour: Robe              |    14 |    16 ||    30
  Dodge: Dodged            |    19 |    16 ||    35

Table legend: (Time is in decaauts)
 A = Elapsed time spent in this place.
 B = Non-inter-level travel time spent in this place.
 C = Inter-level travel time spent in this place.
 D = Time resting spent in this place.
 E = Time spent auto-exploring this place.
 F = Levels seen in this place.
 G = Mean time per level.
                   A        B        C        D        E       F      G
               +--------+--------+--------+--------+--------+-----+--------+
         Total |   2924 |   2812 |    112 |    233 |   2141 |   3 |  974.7 |
       Dungeon |   2924 |   2812 |    112 |    233 |   2141 |   3 |  974.7 |
               +--------+--------+--------+--------+--------+-----+--------+

Top non-repeatable levels by time:
     D:1: 1603 daAuts
     D:2: 1020 daAuts
     D:3: 301 daAuts
